 Dungeon Crawl Stone Soup version 0.28-a0-385-g79de503ca0 (webtiles) character file.

Game seed: 17861775738694882569

870 McIrco the Covered (level 8, 0/62 HPs)
             Began as a Human Fighter on Sept 3, 2021.
             Slain by a two-headed ogre (21 damage)
             ... on level 5 of the Dungeon.
             The game lasted 00:12:23 (5896 turns).

McIrco the Covered (Human Fighter)                  Turns: 5896, Time: 00:12:24

Health: 0/62       AC: 16    Str: 18    XL:     8   Next: 24%
Magic:  8/8        EV:  8    Int: 10    God:
Gold:   260        SH:  5    Dex: 12    Spells: 7/7 levels left

rFire   . . .      SeeInvis .   a - +0 long sword
rCold   . . .      Faith    .   c - +0 buckler
rNeg    . . .      Spirit   .   m - +5 chain mail
rPois   .          Reflect  .   (no helmet)
rElec   .          Harm     .   (no cloak)
rCorr   .          Rampage  .   v - +0 pair of gloves
Will    .....                   (no boots)
Stlth   ..........              (no amulet)
HPRegen 0.20/turn               (no ring)
MPRegen 0.11/turn               (no ring)

@: mighty
A: no striking features
a: no special abilities


You were on level 5 of the Dungeon.
You visited 1 branch of the dungeon, and saw 5 of its levels.
You also visited: Sewer.

You collected 260 gold pieces.

Inventory:

Hand Weapons
 a - a +0 long sword (weapon)
Missiles
 f - 25 poisoned darts (quivered)
Armour
 b - a +0 scale mail
 c - a +0 buckler (worn)
 j - a +0 pair of gloves
 m - a +5 chain mail (worn)
 v - a +0 pair of gloves (worn)
Jewellery
 q - a +4 ring of evasion
Wands
 k - a wand of flame (12)
Scrolls
 h - a scroll of enchant weapon {unknown}
 i - a scroll of fog {unknown}
 l - 5 scrolls of identify
 n - a scroll of summoning {unknown}
 o - a scroll of immolation {unknown}
 p - a scroll of magic mapping {unknown}
 t - a scroll of holy word {unknown}
 u - a scroll of fear {unknown}
Potions
 g - a potion of degeneration {unknown}
 r - a potion of flight {unknown}
 s - 2 potions of lignification {unknown}
 w - a potion of mutation {unknown}


   Skills:
 + Level 5.2 Fighting
 - Level 2.0 Long Blades
 + Level 6.5 Armour
 + Level 2.3 Dodging
 + Level 5.1 Shields


You had 7 spell levels left.
You didn't know any spells.
Your spell library contained the following spells:

 Spells                   Type           Power      Damage    Failure   Level
 Gell's Gravitas          Tloc           0%         N/A       100%        3
 Lesser Beckoning         Tloc           0%         N/A       100%        3
 Ozocubu's Armour         Ice            0%         N/A       100%        3
 Teleport Other           Tloc           0%         N/A       100%        3
 Metabolic Englaciation   Hex/Ice        0%         N/A       100%        5
 Simulacrum               Ice/Necr       0%         N/A       100%        6


Dungeon Overview and Level Annotations

Branches:
Dungeon (5/15)              Sewer (visited)
 Temple: D:4-7

Altars:
Cheibriados
Nemelex Xobeh

Shops:
D:2 (


Message History

Found a scroll of enchant armour.
The two-headed ogre shouts in stereo!
Okay, then.
Unknown command.
You hit the two-headed ogre.
The two-headed ogre is lightly wounded.
You block the two-headed ogre's attack.
The two-headed ogre hits you with a +0 giant club!
You slash the two-headed ogre!
The two-headed ogre is moderately wounded.
The two-headed ogre hits you with a +0 giant spiked club!
The two-headed ogre closely misses you.
You hit the two-headed ogre but do no damage.
The two-headed ogre is moderately wounded.
The two-headed ogre hits you with a +0 giant spiked club.
The two-headed ogre closely misses you.
You barely miss the two-headed ogre.
The two-headed ogre is moderately wounded.
The two-headed ogre hits you with a +0 giant spiked club.
The two-headed ogre hits you but does no damage.
You completely miss the two-headed ogre.
The two-headed ogre is moderately wounded.
The two-headed ogre hits you with a +0 giant spiked club!
The two-headed ogre hits you with a +0 giant club!
* * * LOW HITPOINT WARNING * * *
There is an open door here.
Okay, then.
Unknown command.
You feel better. The two-headed ogre closely misses you.
The two-headed ogre completely misses you.
You feel very mighty all of a sudden.
You block the two-headed ogre's attack. x2
You slash the two-headed ogre!
The two-headed ogre is moderately wounded.
The two-headed ogre closely misses you.
The two-headed ogre hits you with a +0 giant club.
Your chain mail prevents you from hitting the two-headed ogre.
The two-headed ogre is moderately wounded.
The two-headed ogre hits you with a +0 giant spiked club!!
You die...

#.# #.....#### #.#
#......... #.
########....##### #.
#.....##....# #.
#.....##....# #.
#.....####.###### #.
#.....# #.......
######.##.....###########
#......O@.....'........#
#.)....##.....########'##
....... ####### #...)..#
....... #......# .......
#....... ....... #.......
....... #....... ...?...
#....... #.......


You could see a two-headed ogre.

Vanquished Creatures
  An ogre (D:5)
  2 bullfrogs (Sewer)
  A scorpion (D:4)
  A water moccasin skeleton (D:5)
  A bullfrog zombie (D:5)
  A bullfrog skeleton (D:5)
  A gnoll shaman (D:4)
  An orc priest (D:3)
  A hound (D:5)
  A centaur skeleton (D:4)
  2 iguanas
  A hound skeleton (D:5)
  14 adders
  3 gnolls (D:4)
  An adder skeleton (D:4)
  5 worms
  2 dart slugs (D:1)
  5 orcs (D:4)
  4 bats
  13 endoplasms
  18 giant cockroaches
  4 goblins
  5 hobgoblins
  2 kobolds
  13 quokkas
  14 ball pythons
  14 frilled lizards
  4 rats
135 creatures vanquished.

Vanquished Creatures (others)
  7 plants (D:4)
7 creatures vanquished.

Grand Total: 142 creatures vanquished

Notes
Turn   | Place    | Note
-------+----------+-------------------------------------------
     0 | D:1      | McIrco the Human Fighter began the quest for the Orb.
     0 | D:1      | Reached XP level 1. HP: 18/18 MP: 1/1
   266 | D:1      | Reached XP level 2. HP: 24/24 MP: 2/2
   354 | D:1      | You fall into a shaft and drop 1 floor!
   574 | D:1      | Reached XP level 3. HP: 26/29 MP: 3/3
   737 | D:1      | Found a faded altar of an unknown god.
  1381 | D:2      | Found Maumu's Weapon Shoppe.
  1390 | D:2      | Found a sparkling altar of Nemelex Xobeh.
  1502 | D:2      | Reached XP level 4. HP: 33/36 MP: 4/4
  1916 | D:3      | Reached skill level 4 in Armour
  1975 | D:3      | Found a snail-covered altar of Cheibriados.
  2058 | D:3      | Reached XP level 5. HP: 22/42 MP: 5/5
  2143 | D:3      | Found a glowing drain.
  2203 | Sewer    | Entered a sewer
  2414 | Sewer    | Reached skill level 1 in Dodging
  2862 | Sewer    | Reached XP level 6. HP: 47/48 MP: 6/6
  3136 | Sewer    | Reached skill level 5 in Armour
  3676 | D:4      | Reached XP level 7. HP: 54/55 MP: 7/7
  4941 | D:5      | Entered Level 5 of the Dungeon
  5044 | D:5      | Reached skill level 5 in Fighting
  5044 | D:5      | Reached skill level 6 in Armour
  5072 | D:5      | Reached XP level 8. HP: 59/62 MP: 8/8
  5732 | D:5      | Reached skill level 5 in Shields
  5886 | D:5      | Noticed a two-headed ogre
  5896 | D:5      | Slain by a two-headed ogre

Illustrated notes

Levels and vault maps discovered:
D:1:      minmay_arrival_arboretum_small, layout_loops_ring,
          shapermc_ecumenical_altar_ellora, minmay_misc_feat_roman,
          chequers_garden
D:2:      layout_basic, serial_shops, shop, basic_altar
D:3:      layout_basic, amcnicky_altar_gilded, cheibrodos_sewer_entry_bend,
          grunt_decor_one_mirror, hangedman_decor_points, minmay_cut_off
D:4:      layout_basic, guppyfry_early_lair_pool
D:5:      layout_basic

Skill      XL: |  1  2  3  4  5  6  7  8 |
---------------+-------------------------+-----
Armour         | 4 5 6 |  6.5
Fighting       | 4 5 |  5.2
Dodging        | 1 2 |  2.3
Shields        | 4 5 |  5.1
Long Blades    | |  2.0

Action                   |  1- 3 |  4- 6 |  7- 9 || total
-------------------------+-------+-------+-------++-------
Melee: Long sword        |    89 |   268 |   189 ||   546
Throw: Dart              |     5 |    15 |       ||    20
  Use: Scroll            |       |     6 |       ||     6
       Potion            |       |     1 |     2 ||     3
Armor: Scale mail        |    33 |       |       ||    33
       Chain mail        |     7 |   238 |   124 ||   369
Dodge: Dodged            |    32 |   124 |    62 ||   218
Block: Buckler           |    15 |    66 |    49 ||   130

Table legend: (Time is in decaauts)
 A = Elapsed time spent in this place.
 B = Non-inter-level travel time spent in this place.
 C = Inter-level travel time spent in this place.
 D = Time resting spent in this place.
 E = Time spent auto-exploring this place.
 F = Levels seen in this place.
 G = Mean time per level.
                   A        B        C        D        E       F      G
               +--------+--------+--------+--------+--------+-----+--------+
         Total |   6138 |   5967 |    171 |   1009 |   3391 |   6 | 1023.0 |
       Dungeon |   4991 |   4820 |    171 |    646 |   3038 |   5 |  998.2 |
         Sewer |   1147 |   1147 |      0 |    363 |    353 |   1 | 1147.0 |
               +--------+--------+--------+--------+--------+-----+--------+

Top non-repeatable levels by time:
     D:4: 1326 daAuts
   Sewer: 1147 daAuts
     D:5: 974 daAuts
     D:1: 943 daAuts
     D:3: 936 daAuts
     D:2: 810 daAuts
